 Dungeon Crawl Stone Soup version 0.29.1-15-g9cfb28693d (webtiles) character file.

Game seed: 801294618653185856

1064 safid the Chiller (level 8, -1/64 HPs)
             Began as a Merfolk Ice Elementalist on Mar 31, 2023.
             Was an Initiate of Vehumet.
             Slain by an ice beast (5 damage)
             ... on level 6 of the Dungeon.
             The game lasted 00:09:45 (6193 turns).

safid the Chiller (Merfolk Ice Elementalist)        Turns: 6193, Time: 00:09:45

Health: -1/64      AC:  3    Str:  8    XL:     8   Next: 27%
Magic:  12/15      EV: 13    Int: 17    God:    Vehumet [......]
Gold:   321        SH:  0    Dex: 20    Spells: 10/17 levels left

rFire   . . .      SeeInvis .   i - +1 dagger (venom)
rCold   . . .      Faith    .   (no shield)
rNeg    . . .      Spirit   .   a - +0 robe
rPois   .          Reflect  .   (no helmet)
rElec   .          Harm     .   (no cloak)
rCorr   .          Rampage  .   (no gloves)
Will    +....                   j - +0 pair of boots
Stlth   ++........              (no amulet)
HPRegen 0.20/turn               e - ring of willpower
MPRegen 0.14/turn               h - +6 ring of dexterity

@: no status effects
A: (nimble swimmer 2), mertail
a: Renounce Religion


You were on level 6 of the Dungeon.
You worshipped Vehumet.
Vehumet was noncommittal.
You visited 2 branches of the dungeon, and saw 7 of its levels.

You collected 321 gold pieces.

Inventory:

Hand Weapons
 i - a +1 dagger of venom (weapon)
Missiles
 y - 2 throwing nets
Armour
 a - a +0 robe (worn)
 j - a +0 pair of boots (worn)
Jewellery
 e - a ring of willpower (left hand)
 h - a +6 ring of dexterity (right hand)
Wands
 p - a wand of charming (9)
 r - a wand of iceblast (14)
 u - a wand of polymorph (6)
 x - a wand of mindburst (15)
Scrolls
 c - 2 scrolls of fear
 g - a scroll of blinking
 l - a scroll of torment {unknown}
 n - 4 scrolls of enchant weapon
 q - 2 scrolls of fog
 s - a scroll of enchant armour {unknown}
 t - a scroll of immolation {unknown}
 v - 2 scrolls of teleportation
 w - a scroll of poison {unknown}
Potions
 b - a potion of magic
 d - 3 potions of degeneration {unknown}
 k - 3 potions of mutation {unknown}
 m - 2 potions of lignification {unknown}
 o - a potion of berserk rage {unknown}
 z - a potion of heal wounds {unknown}


   Skills:
 + Level 5.7 Fighting
 - Level 2.6 Dodging
 - Level 2.1 Stealth
 + Level 5.3 Spellcasting
 + Level 7.4 Ice Magic


You had 10 spell levels left.
You knew the following spells:

 Your Spells              Type           Power      Damage    Failure   Level
a - Freeze                Ice            100%       1d11      1%          1
b - Frozen Ramparts       Ice            58%        1d9       1%          3
c - Ozocubu's Armour      Ice            29%        N/A       1%          3

Your spell library contained the following spells:

 Spells                   Type           Power      Damage    Failure   Level
 Hailstorm                Conj/Ice       17%        3d6       30%         4
 Confusing Touch          Hex            4%         N/A       38%         3
 Yara's Violent Unravell  Hex/Tmut       2%         3d3       98%         5
 Enfeeble                 Hex            2%         N/A       100%        7


Dungeon Overview and Level Annotations

Branches:
Dungeon (6/15)             Temple (1/1) D:4

Altars:
Dithmenos
Gozag
Hepliaklqana
Makhleb
Qazlal
Ru
Sif Muna
Trog
Uskayaw
Vehumet
Wu Jian
Xom
Yredelemnul
Zin
The Shining One

Shops:
D:1 =

Annotations:
D:4 2 transporters, 0gre's ghost, amateur GnIE


Innate Abilities, Weirdness & Mutations

((You are very nimble when in or above water. (Stealth+, EV+, Speed+++)))
Your lower body shifts to a powerful aquatic tail in water.


Message History

You hit the ice beast.
The ice beast is moderately wounded.
The ice beast barely misses you.
You completely miss the ice beast.
You punch the ice beast, but do no damage.
The ice beast is moderately wounded.
The ice beast hits you. The ice beast freezes you!
You hit the ice beast.
The ice beast is moderately wounded.
The ice beast hits you. The ice beast freezes you!
You hit the ice beast.
The ice beast is heavily wounded.
The ice beast hits you but does no damage.
You closely miss the ice beast.
The ice beast is heavily wounded.
The ice beast hits you. The ice beast freezes you!
* * * LOW HITPOINT WARNING * * *
You are too injured to fight recklessly!
You are too injured to fight recklessly!
Casting: Frozen Ramparts (safe; 1% risk of failure)
Confirm with . or Enter, or press ? or * to list all spells.
A film of ice covers your body!
The ice beast hits you but does no damage.
The ice beast hits you but does no damage.
Unknown command.
You completely miss the ice beast.
The ice beast is heavily wounded.
The ice beast barely misses you.
You hit the ice beast.
The ice beast is poisoned.
The ice beast is heavily wounded.
The ice beast hits you.
* * * LOW HITPOINT WARNING * * *
The ice beast freezes you!
* * * LOW HITPOINT WARNING * * *
Your icy armour will break if you move.
Continue?
Your icy armour cracks and falls away as you move.
The ice beast attacks as you move away! The ice beast hits you.
* * * LOW HITPOINT WARNING * * *
The ice beast freezes you.
You die...

#.####### ##.#
........# ...
(!......# #.#
........# ###..####
........# # #........
.....<..##
#.##........ #o.#
#..<......<. ##Y##
####........
..###.@######........
#.....................
#.#..######..######...
#.# #### #.. ... ..
..[ ..


You could see an ice beast (very poisoned) and an orc.

Vanquished Creatures
  Pikel (D:4)
  An ogre (D:4)
  A phantom (D:5)
  A necrophage (D:4)
  Blork the orc (D:4)
  A gnoll bouda (D:4)
  A hound (D:5)
  A jelly (D:5)
  Ijyb (D:3)
  Robin (D:4)
  3 adders
  7 gnolls
  3 worms (D:2)
  3 dart slugs
  5 orcs
  4 bats
  8 endoplasms
  A giant cockroach (D:3)
  19 goblins
  13 hobgoblins
  3 kobolds
  2 quokkas (D:1)
  6 ball pythons
  5 frilled lizards
  11 rats
103 creatures vanquished.

Notes
Turn   | Place    | Note
-------+----------+-------------------------------------------
     0 | D:1      | safid the Merfolk Ice Elementalist began the quest for the
                  | Orb.
     0 | D:1      | Reached XP level 1. HP: 13/13 MP: 3/3
   153 | D:1      | Reached XP level 2. HP: 5/20 MP: 0/5
   437 | D:1      | Reached skill level 1 in Fighting
   941 | D:1      | Found Kium's Jewellery Emporium.
   978 | D:1      | Reached XP level 3. HP: 25/26 MP: 3/6
  2096 | D:2      | Reached skill level 5 in Ice Magic
  2102 | D:2      | You fall into a shaft and drop 2 floors!
  2128 | D:3      | Reached XP level 4. HP: 33/33 MP: 8/8
  2165 | D:3      | Learned a level 3 spell: Frozen Ramparts
  2169 | D:3      | Learned a level 3 spell: Ozocubu's Armour
  2298 | D:2      | Found a faded altar of an unknown god.
  3197 | D:3      | Noticed Ijyb
  3206 | D:3      | Killed Ijyb
  3567 | D:4      | Noticed a necrophage
  3587 | D:4      | Noticed Robin
  3603 | D:4      | Reached XP level 5. HP: 34/39 MP: 0/9
  3622 | D:4      | Killed Robin
  3625 | D:4      | Noticed an ogre
  3689 | D:4      | Noticed Blork the orc
  3753 | D:4      | Killed Blork the orc
  3754 | D:4      | Reached XP level 6. HP: 14/47 MP: 6/11
  4014 | D:4      | Reached skill level 6 in Ice Magic
  4147 | D:4      | Found a transporter.
  4147 | D:4      | Noticed 0gre's ghost (amateur GnIE)
  4160 | D:4      | Found a transporter.
  4434 | D:4      | Noticed Pikel
  4520 | D:4      | Killed Pikel
  4521 | D:4      | Reached skill level 5 in Fighting
  4521 | D:4      | Reached skill level 5 in Spellcasting
  4521 | D:4      | Reached skill level 7 in Ice Magic
  4521 | D:4      | Reached XP level 7. HP: 47/56 MP: 4/14
  4521 | D:4      | Reached XP level 8. HP: 52/62 MP: 4/15
  4754 | D:4      | Found a staircase to the Ecumenical Temple.
  4776 | Temple   | Entered the Ecumenical Temple
  4817 | Temple   | Became a worshipper of Vehumet
  4988 | D:5      | Entered Level 5 of the Dungeon
  5811 | D:5      | Found a burning altar of Makhleb.
  5961 | D:5      | Found a sacrificial altar of Ru.
  6193 | D:6      | Slain by an ice beast

Illustrated notes

Levels and vault maps discovered:
D:1:      co_arrival_square_in_a_square_in_a_square, layout_loops_corners,
          serial_shops, nicolae_square_shop
D:2:      layout_basic, shapermc_ecumenical_altar_pompeii
D:3:      layout_basic, uniq_ijyb
D:4:      layout_rooms, minmay_temple_entry_statues_fountains,
          gammafunk_ghost_arena, kennysheep_generic_room_3, uniq_robin,
          uniq_blork_the_orc, uniq_pikel
D:5:      layout_basic, kennysheep_mini_moat, nicolae_ru_the_path_less_chosen
D:6:      layout_rooms, nemelex_spade_bored_becter,
          minmay_overflow_temple_star_hex, ebering_ghost_gozag,
          minmay_hollow_rounded_squares
Temple:   nicolae_temple_god_jail

Skill      XL: |  1  2  3  4  5  6 |
---------------+-------------------+-----
Fighting       | 1 2 3 5 |  5.7
Ice Magic      | 5 7 |  7.4
Spellcasting   | 3 5 |  5.3
Dodging        | |  2.6
Stealth        | |  2.1

Action                   |  1- 3 |  4- 6 |  7- 9 || total
-------------------------+-------+-------+-------++-------
Melee: Unarmed           |    12 |       |       ||    12
       Dagger            |    43 |    96 |    56 ||   195
       Whip              |     8 |       |       ||     8
       Punch             |     1 |     1 |     1 ||     3
 Cast: Freeze            |    27 |     3 |       ||    30
       Frozen Ramparts   |       |    13 |     1 ||    14
       Ozocubu's Armour  |       |     8 |     2 ||    10
  Use: Scroll            |       |       |     5 ||     5
 Stab: Sleeping          |     9 |     6 |     3 ||    18
       Distracted        |       |     1 |       ||     1
Armor: Robe              |    11 |    15 |     9 ||    35
Dodge: Dodged            |    39 |    50 |    28 ||   117
